 Dungeon Crawl Stone Soup version 0.24.0-125-gc4c63601f3 (webtiles) character file.

Game seed: 15438341246795446998, levelgen mode: deterministic

16055 Ceapi the Basher (level 12, -9/115 HPs)
             Began as a Minotaur Berserker on Feb 17, 2020.
             Was a High Priest of Trog.
             Mangled by a tyrant leech (12 damage)
             ... on level 1 of the Swamp on Feb 22, 2020.
             The game lasted 00:53:18 (10665 turns).

Ceapi the Basher (Minotaur Berserker)              Turns: 10665, Time: 00:53:18

Health: -9/115     AC: 18    Str: 27    XL:     12   Next: 6%
Magic:  11/11      EV: 10    Int:  4    God:    Trog [*****.]
Gold:   345        SH:  0    Dex: 10    Spells: 11/11 levels left

rFire    + . .     SeeInvis .   A - +1 flail (drain)
rCold    + . .     Gourm    .   (no shield)
rNeg     . . .     Faith    .   L - +1 chain mail of Altruism {Slay+3}
rPois    +         Spirit   .   (helmet restricted)
rElec    +         Reflect  .   e - +0 cloak
rCorr    +         Harm     .   C - +0 pair of gloves
MR       .....                  j - +0 pair of boots
Stlth    ..........             (no amulet)
HPRegen  0.29/turn              (no ring)
MPRegen  0.12/turn              (no ring)

@: resistant, berserk cooldown, slowed, very slow
A: retaliatory headbutt, horns 2
a: Berserk, Trog's Hand, Brothers in Arms, Renounce Religion


You were on level 1 of the Swamp.
You worshipped Trog.
Trog was extremely pleased with you.
You were not hungry.

You visited 3 branches of the dungeon, and saw 11 of its levels.
You also visited: Sewer.

You collected 555 gold pieces.
You spent 210 gold pieces at shops.

Inventory:

Hand Weapons
 A - a +1 flail of draining (weapon)
 J - the +4 spear "Aciumet" {antimagic, rPois rF+}
   (You found it on level 7 of the Dungeon)

   It reduces the magical energy of the wielder, and disrupts the spells and
   magical abilities of those hit.
   Natural abilities and divine invocations are not affected.
   It protects you from fire.
   It protects you from poison.
Armour
 e - a +0 cloak (worn)
 j - a +0 pair of boots (worn)
 C - a +0 pair of gloves (worn)
 F - a +0 plate armour
 L - the +1 chain mail of Altruism (worn) {Slay+3}
   (You found it on level 1 of the Lair of Beasts)

   It affects your accuracy and damage with ranged weapons and melee attacks
   (+3).
Jewellery
 G - an uncursed ring of stealth
Wands
 u - a wand of random effects (21)
 B - a wand of paralysis (15)
 D - a wand of acid (6)
 E - a wand of enslavement (14)
 I - a wand of polymorph (9)
Scrolls
 d - 8 scrolls of identify
 f - 3 scrolls of teleportation
 g - a scroll of immolation {unknown}
 h - 6 scrolls of amnesia {unknown}
 i - 2 scrolls of enchant armour {unknown}
 l - 2 scrolls of remove curse {unknown}
 m - 5 scrolls of enchant weapon
 n - a scroll of magic mapping {unknown}
 o - 3 scrolls of fear {unknown}
 s - 2 scrolls of blinking {unknown}
 w - 2 scrolls of noise {unknown}
 y - a scroll of brand weapon {unknown}
Potions
 a - 3 potions of haste {unknown}
 b - a potion of invisibility {unknown}
 k - 2 potions of mutation
 p - 2 potions of cancellation {unknown}
 q - 3 potions of resistance
 t - 3 potions of curing
 v - 2 potions of heal wounds
 x - 2 potions of lignification {unknown}
 z - 2 potions of agility {unknown}
 H - 4 potions of flight {unknown}
 K - a potion of brilliance {unknown}
 M - a potion of degeneration {unknown}
Comestibles
 c - 17 rations


   Skills:
 + Level 13.4 Fighting
 - Level 14.0 Maces & Flails
 + Level 13.2 Armour
 - Level 2.1 Dodging


You had 11 spell levels left.
You didn't know any spells.
Your spell library was empty.

Dungeon Overview and Level Annotations

Branches:
Dungeon (8/15)             Temple (0/1) D:7            Lair (2/6) D:8
  Swamp (1/4) Lair:2        Sewer (visited)
  Snake: Lair:2-4    Spider: Lair:2-4

Altars:
Okawaru
Ru

Shops:
D:5 [[(=!   D:6 =   D:7 [


Innate Abilities, Weirdness & Mutations

You reflexively headbutt those who attack you in melee.
You have a pair of horns on your head.


Message History

* * * LOW HITPOINT WARNING * * *
The tyrant leech draws strength from your injuries!
You miss the tyrant leech.
The tyrant leech is heavily wounded.
The tyrant leech barely misses you. You furiously retaliate!
You headbutt the tyrant leech! You closely miss the tyrant leech.
The tyrant leech is heavily wounded.
You feel much better. The tyrant leech bites you.
* * * LOW HITPOINT WARNING * * *
The tyrant leech draws strength from your injuries!
The tyrant leech bites you!
* * * LOW HITPOINT WARNING * * *
The tyrant leech draws strength from your injuries!
You closely miss the tyrant leech.
The tyrant leech is moderately wounded.
You bludgeon the tyrant leech!! You drain the tyrant leech.
The tyrant leech is severely wounded.
The tyrant leech bites you!
You die...

# .# .... ..#
♣...#####.##
♣...#..#...#
♣♣≈..#..w.÷.#..≈≈≈≈
♣....#.@#......≈≈..
♣♣....#$'#####[....
♣≈.............≈.♣♣.
♣≈............≈..≈.≈
♣♣.≈≈≈≈≈.†≈♣♣.>.≈.≈≈
♣.≈≈≈≈≈.≈≈.♣≈....≈≈
♣≈.≈≈≈..≈≈|.≈♣...≈≈
♣≈♣≈.....≈≈≈.....≈≈≈
♣♣...♣≈...≈≈.≈≈..≈≈≈


You could see a tyrant leech.

Vanquished Creatures
  A hydra (Lair:2)
  An alligator (Swamp:1)
  The ghost of Maplein the Cleaver, a novice MiBe of Trog (D:7)
  An oklob plant (Lair:2)
  A black mamba (Lair:2)
  Joseph (D:8)
  6 spiny frogs
  13 blink frogs
  A hippogriff (Lair:2)
  A tyrant leech (Swamp:1)
  Prince Ribbit (D:5)
  A shadow (Lair:2)
  A wyvern (D:8)
  9 yaks
  2 basilisks (Lair:1)
  2 vampire mosquitoes (Swamp:1)
  A hungry ghost (D:8)
  Menkaure (D:5)
  A swamp worm (Swamp:1)
  4 insubstantial wisps
  5 water moccasins
  A sky beast (D:8)
  A swamp drake (Swamp:1)
  4 porcupines
  3 orc warriors
  2 black bears (D:8)
  A phantom (D:8)
  3 ogres (D:5)
  6 wolves
  4 centaurs
  3 big kobolds
  9 crocodiles
  6 bullfrogs
  2 jellies
  6 scorpions
  6 killer bees (D:5)
  2 electric eels (D:8)
  3 howler monkeys
  A centaur zombie (D:3)
  A bullfrog zombie (D:5)
  4 hounds
  A centaur skeleton (D:4)
  3 orc priests (D:6)
  6 orc wizards
  An iguana (D:8)
  5 worker ants
  2 hound skeletons
  A worker ant zombie (D:8)
  10 adders
  4 river rats
  3 shadow imps
  An ooze (D:2)
  An adder skeleton (D:6)
  3 worms
  A dart slug (D:2)
  5 leopard geckos
  24 orcs
  7 giant cockroaches
  6 goblins
  7 hobgoblins
  2 jackals (Sewer)
  5 quokkas
  2 ball pythons
  5 bats
  7 frilled lizards
  A jackal zombie (D:7)
  19 kobolds
  A leopard gecko zombie (D:7)
  11 rats
  A plant (D:8)
268 creatures vanquished.

Vanquished Creatures (others)
  45 fungi (D:8)
  13 plants (D:8)
58 creatures vanquished.

Grand Total: 326 creatures vanquished

Notes
Turn   | Place    | Note
-------+----------+-------------------------------------------
     0 | D:1      | Ceapi the Minotaur Berserker began the quest for the Orb.
     0 | D:1      | Reached XP level 1. HP: 19/19 MP: 0/0
   217 | D:1      | Reached skill level 4 in Maces & Flails
   258 | D:1      | Reached XP level 2. HP: 21/27 MP: 1/1
   889 | D:2      | Found a faded altar of an unknown god.
   911 | D:2      | Reached ** piety under Trog
  1055 | D:2      | Reached XP level 3. HP: 22/33 MP: 2/2
  1323 | D:2      | Reached skill level 5 in Maces & Flails
  1323 | D:2      | Reached XP level 4. HP: 40/40 MP: 3/3
  1657 | D:4      | Reached XP level 5. HP: 6/47 MP: 4/4
  2162 | D:3      | Reached *** piety under Trog
  2240 | D:3      | Reached skill level 6 in Maces & Flails
  2506 | D:4      | Reached skill level 5 in Fighting
  2574 | D:4      | Reached XP level 6. HP: 36/56 MP: 5/5
  3275 | D:5      | Entered Level 5 of the Dungeon
  3317 | D:5      | Found Vatimoim's Distillery.
  3329 | D:5      | Found an iron altar of Okawaru.
  3363 | D:5      | Bought a potion of heal wounds for 55 gold pieces
  3363 | D:5      | Bought a potion of heal wounds for 55 gold pieces
  3363 | D:5      | Bought a potion of curing for 33 gold pieces
  3387 | D:5      | Reached skill level 7 in Maces & Flails
  3388 | D:5      | Found Plog's Jewellery Emporium.
  3405 | D:5      | Noticed Prince Ribbit
  3414 | D:5      | Killed Prince Ribbit
  3414 | D:5      | Reached skill level 5 in Armour
  3414 | D:5      | Reached XP level 7. HP: 35/62 MP: 6/6
  3443 | D:5      | Reached skill level 8 in Maces & Flails
  3502 | D:5      | Noticed Menkaure
  3552 | D:5      | Killed Menkaure
  3572 | D:5      | Reached XP level 8. HP: 40/71 MP: 7/7
  3578 | D:5      | Reached skill level 9 in Maces & Flails
  3824 | D:5      | Found Dovimu Veva's Armour Shoppe.
  3878 | D:5      | Reached **** piety under Trog
  3879 | D:5      | Found Acoshogg's Armour Emporium.
  4028 | D:5      | Bought a +0 pair of boots for 67 gold pieces
  4141 | D:5      | Found Jez Unt's Antique Weapon Emporium.
  4463 | D:6      | Reached skill level 10 in Maces & Flails
  4625 | D:6      | Found a glowing drain.
  4643 | Sewer    | Entered a sewer
  4736 | Sewer    | Found a white marble altar of Elyvilon.
  5061 | D:6      | Found Rasmypae's Jewellery Emporium.
  5071 | D:6      | Reached XP level 9. HP: 61/81 MP: 8/8
  5363 | D:7      | Found a runed translucent gate.
  5365 | D:7      | Found a runed translucent gate.
  5367 | D:7      | Found a runed translucent gate.
  5371 | D:7      | Noticed Maplein's ghost (novice MiBe)
  5392 | D:7      | Killed Maplein's ghost
  5392 | D:7      | Reached skill level 11 in Maces & Flails
  5438 | D:7      | Found a staircase to the Ecumenical Temple.
  5459 | D:7      | Found a sacrificial altar of Ru.
  5538 | D:7      | Found Kigrupt's Antique Armour Shoppe.
  5644 | D:7      | Got a bloodstained spear
  5649 | D:7      | Identified the +4 spear "Aciumet" {antimagic, rPois rF+}
                  | (You found it on level 7 of the Dungeon)
  5967 | D:8      | Reached skill level 12 in Maces & Flails
  6231 | D:8      | Reached ***** piety under Trog
  6254 | D:8      | Reached XP level 10. HP: 52/91 MP: 9/9
  6359 | D:8      | Noticed Joseph
  6371 | D:8      | Killed Joseph
  6826 | D:8      | Found a staircase to the Lair.
  6854 | Lair:1   | Entered Level 1 of the Lair of Beasts
  6872 | Lair:1   | Reached skill level 13 in Maces & Flails
  6930 | Lair:1   | Reached skill level 10 in Fighting
  7129 | Lair:1   | Reached skill level 10 in Armour
  7147 | Lair:1   | Noticed a spiny frog
  7159 | Lair:1   | Killed a spiny frog
  7199 | Lair:1   | Reached skill level 14 in Maces & Flails
  7391 | Lair:1   | You fall into a shaft and drop 1 floor!
  7393 | Lair:2   | Noticed a spiny frog
  7403 | Lair:2   | Killed a spiny frog
  7410 | Lair:2   | Reached XP level 11. HP: 84/101 MP: 10/10
  7685 | Lair:1   | Got a bloodstained chain mail
  7686 | Lair:1   | Identified the +1 chain mail of Altruism {Slay+3} (You
                  | found it on level 1 of the Lair of Beasts)
  8464 | Lair:2   | Found a staircase to the Swamp.
  8477 | Swamp:1  | Entered Level 1 of the Swamp
  8477 | Swamp:1  | Noticed an alligator
  8481 | Swamp:1  | Noticed a four-headed hydra
  8485 | Swamp:1  | Killed an alligator
  9172 | Lair:2   | Noticed an oklob plant
  9852 | Lair:2   | Killed an oklob plant
 10528 | Lair:2   | Killed a four-headed hydra
 10572 | Swamp:1  | Reached XP level 12. HP: 113/115 MP: 11/11
 10660 | Swamp:1  | HP: 3/115 [tyrant leech (21)]
 10665 | Swamp:1  | Mangled by a tyrant leech

Levels and vault maps discovered:
D:1:      scummos_arrival_simple_fountains, layout_loops_corners
D:2:      layout_loops_ring, chequers_ecumenical_altar_twisty, first_ration
D:3:      layout_rooms
D:4:      layout_basic, chequers_serial_rivers_room_b
D:5:      layout_basic, serial_shops, nicolae_shop_waterfront,
          nicolae_shop_crystal, shop, kennysheep_mini, nicolae_shop_trees,
          okawaru_metal_pillars_1_2, uniq_menkaure, uniq_prince_ribbit1
D:6:      layout_cave_pools, serial_shops, shop, portal_sewer_entry_a
D:7:      layout_rooms, kennysheep_mini_moat,
          minmay_temple_entry_drinking_statues, gammafunk_ghost_split,
          serial_shops, shop, supply_closet_lemuel
D:8:      layout_basic, due_lair_maze_entry_diamond, serial_bayou,
          serial_bayou_shore_a, serial_bayou_pond_e, serial_bayou_crossing,
          serial_bayou_pond_c, uniq_joseph
Lair:1:   layout_gridlike, minivault_23, beast_lair_carwin_9
Lair:2:   dpeg_oklob_gauntlet, layout_long_grid, swamp_mist, serial_rivers,
          chequers_serial_rivers_micro_c, chequers_serial_rivers_small_a,
          chequers_serial_rivers_large_a, chequers_serial_rivers_marsh,
          st_stairs_9
Swamp:1:  layout_basic_swamp, evilmike_swamp_ruin_house_1, swamp_pool2,
          infiniplex_staircase_pool_2

Skill      XL: |  1  2  3  4  5  6  7  8  9 10 11 |
---------------+----------------------------------+-----
Maces & Flails | 4 5 6 7 8 10 12 14 | 14.0
Fighting       | 4 5 6 7 9 10 13 | 13.4
Armour         | 3 4 5 6 7 9 10 13 | 13.2
Dodging        | |  2.1

Action                   |  1- 3 |  4- 6 |  7- 9 | 10-12 || total
-------------------------+-------+-------+-------+-------++-------
Melee: Mace              |    67 |   112 |       |       ||   179
       Headbutt          |    19 |    26 |    47 |    75 ||   167
       Flail             |       |    11 |   242 |   335 ||   588
Invok: Berserk           |       |     2 |     4 |     5 ||    11
       Trog's Hand       |       |     1 |     1 |     4 ||     6
       Brothers in Arms  |       |       |       |     1 ||     1
Evoke: Wand              |       |       |     9 |    20 ||    29
  Use: Potion            |       |     1 |     3 |     5 ||     9
       Scroll            |       |       |     5 |     1 ||     6
  Eat: Chunk             |     1 |     9 |     9 |    15 ||    34
       Ration            |       |       |     1 |     2 ||     3
Armor: Animal skin       |     5 |       |       |       ||     5
       Ring mail         |     7 |    35 |       |       ||    42
       Chain mail        |       |    24 |    60 |    79 ||   163
       Plate armour      |       |       |   119 |   122 ||   241
Dodge: Dodged            |    42 |    73 |   130 |   106 ||   351
